 Dungeon Crawl Stone Soup version 0.16-a0-1885-g0f03bb0 (webtiles) character file.

45 Raurakos the Vexing (level 3, 0/19 HPs)
             Began as a Deep Elf Enchanter on Nov 6, 2014.
             Slain by a giant gecko (4 damage)
             ... on level 2 of the Dungeon.
             The game lasted 00:04:43 (1405 turns).

Raurakos the Vexing (Deep Elf Enchanter)            Turns: 1405, Time: 00:04:43

Health: 0/19       AC:  3    Str:  5    XL:     3   Next: 42%
Magic:  0/10       EV: 13    Int: 20    God:
Gold:   76         SH:  0    Dex: 15    Spells: 3 memorised, 1 level left

rFire  . . .     SeeInvis .     a - +1 dagger
rCold  . . .     Clarity  .     b - +1 robe
rNeg   . . .     SustAb   .     (no shield)
rPois  .         Gourm    .     (no helmet)
rElec  .         Spirit   .     (no cloak)
rCorr  .         Warding  .     (no gloves)
rMut   .         Stasis   .     (no boots)
MR     .....                    (no amulet)
Stlth  ++........               (no ring)
                                (no ring)

@: very slightly contaminated, not resistant to hostile enchantments, unstealthy
A: no striking features
a: no special abilities


You were on level 2 of the Dungeon.
You were not hungry.

You visited 1 branch of the dungeon, and saw 2 of its levels.

You collected 76 gold pieces.

Inventory:

Hand weapons
 a - a +1 dagger (weapon)
Missiles
 f - 16 stones (quivered)
Armour
 b - a +1 robe (worn)
Scrolls
 e - 3 scrolls of remove curse {unknown}
 g - a scroll of blinking {unknown}
 h - a scroll of enchant weapon {unknown}
 j - 2 scrolls of teleportation {unknown}
 l - 2 scrolls of identify {unknown}
 n - a scroll of fear {unknown}
Potions
 k - a potion of poison {unknown}
Books
 c - a book of Maledictions

   Spells                             Type                      Level
   *Corona                            Hexes                        1
   Sure Blade                         Hexes/Charms                 2
   Ensorcelled Hibernation            Hexes/Ice                    2
   *Confuse                           Hexes                        3
   *Dazzling Spray                    Conjuration/Hexes            3
   Enslavement                        Hexes                        4
Comestibles
 d - 3 bread rations
 i - a meat ration
 m - 2 chunks of flesh


   Skills:
 + Level 2.2 Short Blades
 - Level 2.4 Dodging
 - Level 3.6 Stealth
 - Level 3.0 Spellcasting
 + Level 5.2 Hexes


You had one spell level left.
You knew the following spells:

 Your Spells              Type           Power        Failure   Level  Hunger
a - Corona                Hex            ###....      1%          1    None
c - Confuse               Hex            ###.....     6%          3    ###....
d - Dazzling Spray        Conj/Hex       ##......     17%         3    ###....


Dungeon Overview and Level Annotations

Branches:
Dungeon (2/15)

Altars:


Message History

You hit the hobgoblin but do no damage.
The hobgoblin is severely wounded.
The hobgoblin hits you with a club.
You hit the hobgoblin.
You kill the hobgoblin!
Casting: Corona
Confirm with . or Enter, or press ? or * to list all spells.
You don't have enough magic to cast that spell.
You barely miss the giant gecko. The giant gecko bites you.
* * * LOW HITPOINT WARNING * * *
Casting: Corona
Confirm with . or Enter, or press ? or * to list all spells.
Aiming: Confuse
Press: ? - help, Shift-Dir - straight line, f - giant gecko
Aim: a giant gecko (clinging)
You miscast Confuse.
You are very lightly contaminated with residual magic.
Your skin glows momentarily.
The giant gecko barely misses you.
You miss the giant gecko. The giant gecko bites you.
You die...

............#
............## ###
.............# ....
####.........## $#.#.
!??#......<...####.....#
%?(#.......$..>....#.#..
$(?#........†.........l
####..........†....#
...........#..)l@###
.............)####
.>.........#....
.................
...........#.....
...........#...l..
...................
...........#......
##.#..###.# ...


You could see a giant gecko.

Vanquished Creatures
  2 adders
  7 bats
  3 giant cockroaches
  A goblin (D:2)
  5 hobgoblins
  5 jackals (D:1)
  A ball python (D:2)
  5 giant newts
  3 rats
32 creatures vanquished.

Notes
Turn   | Place    | Note
--------------------------------------------------------------
     0 | D:1      | Raurakos, the Deep Elf Enchanter, began the quest for the Orb.
     0 | D:1      | Reached XP level 1. HP: 10/10 MP: 5/5
   137 | D:1      | Reached XP level 2. HP: 9/15 MP: 6/8
  1057 | D:1      | Reached skill level 5 in Hexes
  1057 | D:1      | Reached XP level 3. HP: 8/19 MP: 8/10
  1075 | D:1      | Learned a level 3 spell: Confuse
  1079 | D:1      | Learned a level 3 spell: Dazzling Spray
  1405 | D:2      | Slain by a giant gecko

Action                   || total
-------------------------++-------
Melee: Dagger            ||   113
 Cast: Corona            ||    27
       Confuse           ||     3
  Use: Potion            ||     1
 Stab: Sleeping          ||     5
  Eat: Chunk             ||     2
